 Dungeon Crawl Stone Soup version 0.29-a0-1047-g7c58e119a4 (webtiles) character file.

Game seed: 14483531245770602673

56 Zeldest the Sneak (level 3, 0/20 HPs)
             Began as a Vine Stalker Monk on Aug 17, 2022.
             Succumbed to an adder's poison
             ... on level 3 of the Dungeon.
             The game lasted 00:03:17 (916 turns).

Zeldest the Sneak (Vine Stalker Monk)                Turns: 916, Time: 00:03:18

Health: 0/20       AC:  2    Str: 14 (15) XL:     3   Next: 97%
Magic:  4/4        EV: 12    Int:  8 (10) God:
Gold:   111        SH:  0    Dex: 13 (16) Spells: 2/2 levels left

rFire   . . .      SeeInvis .     - Unarmed
rCold   + . .      Faith    .   (no shield)
rNeg    . . .      Spirit   +   a - +0 robe
rPois   .          Reflect  .   (no helmet)
rElec   .          Harm     .   (no cloak)
rCorr   .          Rampage  .   (no gloves)
Will    .....                   (no boots)
Stlth   ++........              (no amulet)
HPRegen 0.06/turn               f - ring of protection from cold
MPRegen 0.09/turn               (no ring)

@: brilliant, lethally poisoned (0 -> -1)
A: fangs 2, magic shield, antimagic bite, no potion heal 2
a: no special abilities


You were on level 3 of the Dungeon.
You visited 1 branch of the dungeon, and saw 3 of its levels.

You collected 111 gold pieces.

Inventory:

Armour
 a - a +0 robe (worn)
Jewellery
 f - a ring of protection from cold (left hand)
Scrolls
 b - a scroll of vulnerability {unknown}
 c - 2 scrolls of identify
 e - 2 scrolls of teleportation
 h - a scroll of noise {unknown}


   Skills:
 + Level 3.1 Fighting
 - Level 2.4 Dodging
 + Level 3.8 Stealth
 * Level 3.8 Unarmed Combat


You had 2 spell levels left.
You didn't know any spells.
Your spell library was empty.

Dungeon Overview and Level Annotations

Branches:
Dungeon (3/15)

Altars:


Innate Abilities, Weirdness & Mutations

You have extremely sharp teeth.
When hurt, damage is shared between your health and your magic reserves.
Your bite disrupts and absorbs the magic of your enemies.
Potions cannot restore your health.


Message History

The adder is heavily wounded.
The adder barely misses you.
You barely miss the adder. You bite the adder. You drain its power.
The adder is almost dead.
The adder bites you.
You are poisoned.
The adder poisons you!
You miss the adder.
The adder is almost dead.
You feel sick. The adder bites you.
You are more poisoned.
The adder poisons you! The adder bites you.
You closely miss the adder. You bite the adder.
You kill the adder!
You feel sick.
It was a potion of degeneration.
There was something very wrong with that liquid.
You feel weakened.
You feel dopey.
You feel clumsy.
* * * LOW HITPOINT WARNING * * *
You feel sick.
It was a potion of brilliance.
You feel clever all of a sudden.
* * * LOW HITPOINT WARNING * * *
You feel sick.
You aren't carrying any items that you can evoke.
Unknown command.
As you read the scroll labelled QOOSOE KUIDGHEX, it crumbles to dust.
It is a scroll of identify.
e - 2 scrolls of teleportation
* * * LOW HITPOINT WARNING * * *
You feel sick.
* * * LOW HITPOINT WARNING * * *
You feel sick.
You see here an adder corpse.
Found 2 golden potions.
* * * LOW HITPOINT WARNING * * *
You feel sick.
* * * LOW HITPOINT WARNING * * *
You feel sick.
You die...

#.#######
##.# ..#
#.## ..#
#..# .##
##.## .#
#..# .#
##†## .#
#..#
#####.##
#...@..#
#......#
#......#
#...!..#
######..
#.# .# ..


There were no monsters in sight!

Vanquished Creatures
  3 adders
  A dart slug (D:1)
  An orc (D:3)
  2 bats (D:1)
  2 endoplasms
  4 goblins
  3 hobgoblins
  2 jackals (D:1)
  3 ball pythons
  2 frilled lizards (D:1)
  A rat (D:1)
24 creatures vanquished.

Notes
Turn   | Place    | Note
-------+----------+-------------------------------------------
     0 | D:1      | Zeldest the Vine Stalker Monk began the quest for the Orb.
     0 | D:1      | Reached XP level 1. HP: 11/11 MP: 2/2
    48 | D:1      | Noticed a great orb of eyes
    50 | D:1      | Noticed a shining eye
    55 | D:1      | Found a faded altar of an unknown god.
    61 | D:1      | Noticed a golden eye
    61 | D:1      | Noticed a great orb of eyes
    90 | D:1      | Reached XP level 2. HP: 16/16 MP: 3/3
   402 | D:2      | Reached XP level 3. HP: 10/19 MP: 4/4
   915 | D:3      | HP: 1/20 [poisoned by an adder]
   916 | D:3      | Succumbed to an adder's poison

Illustrated notes

Levels and vault maps discovered:
D:1:      minmay_arrival_pointy, layout_basic,
          hellmonk_ecumenical_altar_watching_god
D:2:      layout_basic, nicolae_figureground_sparkle
D:3:      layout_basic, mainiacjoe_overflow_small_starburst

Skill      XL: |  1  2  3 |
---------------+----------+-----
Stealth        | 3 |  3.8
Fighting       | 3 |  3.1
Dodging        | |  2.4
Unarmed Combat | |  3.8

Action                   || total
-------------------------++-------
Melee: Unarmed           ||    82
       Bite              ||    23
       Punch             ||     1
  Use: Potion            ||     3
       Scroll            ||     1
 Stab: Sleeping          ||     4
Armor: Robe              ||    12
Dodge: Dodged            ||    42

Table legend: (Time is in decaauts)
 A = Elapsed time spent in this place.
 B = Non-inter-level travel time spent in this place.
 C = Inter-level travel time spent in this place.
 D = Time resting spent in this place.
 E = Time spent auto-exploring this place.
 F = Levels seen in this place.
 G = Mean time per level.
                   A        B        C        D        E       F      G
               +--------+--------+--------+--------+--------+-----+--------+
         Total |    909 |    833 |     76 |      0 |    104 |   3 |  303.0 |
       Dungeon |    909 |    833 |     76 |      0 |    104 |   3 |  303.0 |
               +--------+--------+--------+--------+--------+-----+--------+

Top non-repeatable levels by time:
     D:2: 519 daAuts
     D:1: 294 daAuts
     D:3: 96 daAuts
